 Dungeon Crawl Stone Soup version 0.25-a0-424-g80bd347ae0 (webtiles) character file.

Game seed: 6028083371086261132, levelgen mode: deterministic

9877 MisterFreud the Slicer (level 11, -3/89 HPs)
             Began as a Gnoll Chaos Knight on Jan 21, 2020.
             Was a Plaything of Xom.
             Slain by a komodo dragon (18 damage)
             ... while paralysed
             ... on level 1 of the Lair of Beasts.
             The game lasted 00:19:13 (9731 turns).

MisterFreud the Slicer (Gnoll Chaos Knight)         Turns: 9731, Time: 00:19:13

Health: -3/89      AC: 14    Str: 20    XL:     11   Next: 53%
Magic:  20/20      EV:  2    Int: 19    God:    Xom [.*....]
Gold:   210        SH:  0    Dex: 15    Spells: 17/22 levels left

rFire    + . .     SeeInvis +   k - +2 dagger (elec)
rCold    . . .     Gourm    .   (no shield)
rNeg     . . .     Faith    .   z - +1 scale mail "Xamnuon" {rElec Str+5 Int+2 Stlth+} (curse)
rPois    .         Spirit   .   M - +0 hat {SInv}
rElec    +         Reflect  .   (no cloak)
rCorr    .         Harm     .   (no gloves)
MR       +....                  O - +0 pair of boots
Stlth    +++.......             g - amulet of the acrobat
HPRegen  0.64/turn              m - ring of protection from cold
MPRegen  0.17/turn              Q - ring of fire

@: paralysed, lethally poisoned (-3 -> -3), berserk cooldown, slowed, lightly
drained
A: distributed training, fangs 1, hooves 1, repulsion field 1, iridescent scales
1, slimy green scales 1, magic resistance 1, regeneration 1, evolution 1,
MP-powered wands, strong nose
a: Renounce Religion


You were on level 1 of the Lair of Beasts.
You worshipped Xom.
You were a plaything of Xom.
You were not hungry.

You visited 2 branches of the dungeon, and saw 11 of its levels.

You collected 490 gold pieces.
You spent 280 gold pieces at shops.

Inventory:

Hand Weapons
 a - a +0 short sword of chaos
 k - a +2 dagger of electrocution (weapon)
 u - the +0 whip of Greatest Utility {drain, rF+ rN+}
   (You found it on level 4 of the Dungeon)

   A truly terrible weapon, it drains the life of those it strikes.
   It protects you from fire.
   It protects you from negative energy.
 P - a +3 scimitar of flaming
Missiles
 f - 215 stones (quivered)
 h - 214 arrows
 j - 5 atropa-tipped darts
 p - 54 sling bullets
 t - 37 bolts
 w - 14 boomerangs
 A - 2 throwing nets
 J - 26 poisoned darts
 T - 5 javelins
Armour
 z - the cursed +1 scale mail "Xamnuon" (worn) {rElec Str+5 Int+2 Stlth+}
   (You found it on level 6 of the Dungeon)

   It affects your strength (+5).
   It affects your intelligence (+2).
   It insulates you from electricity.
   It makes you more stealthy.
   It has a curse placed upon it.
 M - a +0 hat of see invisible (worn)
 O - a +0 pair of boots (worn)
Jewellery
 g - an amulet of the acrobat (around neck)
 i - an uncursed ring of flight
 m - a ring of protection from cold (left hand)
 Q - a ring of fire (right hand)
 X - an uncursed amulet of regeneration
Wands
 C - a wand of random effects (34)
 K - a wand of polymorph (6)
 R - a wand of paralysis (6)
Scrolls
 d - a scroll of torment {unknown}
 e - 2 scrolls of remove curse
 l - a scroll of immolation
 o - 2 scrolls of enchant weapon
 s - a scroll of enchant armour {unknown}
 x - a scroll of fear {unknown}
 y - a scroll of vulnerability {unknown}
 E - a scroll of teleportation {unknown}
 G - 2 scrolls of amnesia
 H - a scroll of fog
 I - a scroll of magic mapping
 S - a scroll of acquirement {unknown}
 U - 2 scrolls of silence
 V - a scroll of blinking {unknown}
 Y - 2 scrolls of identify
Potions
 n - a potion of heal wounds
 q - 4 potions of curing
 v - 3 potions of mutation
 B - 3 potions of agility
 D - 2 potions of haste
 F - a potion of might {unknown}
 L - 3 potions of ambrosia
 N - a potion of invisibility
 Z - a potion of cancellation {unknown}
Miscellaneous
 b - a box of beasts
Comestibles
 c - 16 rations
 W - 2 chunks of flesh


   Skills:
 + Level 9.1 Fighting
 + Level 9.1 Short Blades
 + Level 6.2 Long Blades
 + Level 6.2 Axes
 + Level 6.2 Maces & Flails
 + Level 6.2 Polearms
 + Level 6.2 Staves
 + Level 6.2 Slings
 + Level 6.2 Bows
 + Level 6.2 Crossbows
 + Level 6.2 Throwing
 + Level 7.8 Armour
 + Level 6.8 Dodging
 + Level 6.2 Stealth
 + Level 6.2 Shields
 + Level 6.2 Unarmed Combat
 + Level 6.2 Spellcasting
 + Level 5.2 Conjurations
 + Level 5.2 Hexes
 + Level 5.2 Charms
 + Level 5.2 Summonings
 + Level 5.2 Necromancy
 + Level 5.2 Translocations
 + Level 5.2 Transmutations
 + Level 5.2 Fire Magic
 + Level 5.2 Ice Magic
 + Level 5.2 Air Magic
 + Level 5.2 Earth Magic
 + Level 5.2 Poison Magic
 + Level 6.9 Invocations
 + Level 6.2 Evocations


You had 17 spell levels left.
You knew the following spells:

 Your Spells              Type           Power        Failure   Level  Hunger
a - Mephitic Cloud        Conj/Pois/Air  ####....     10%         3    ##.....
b - Blink                 Tloc           N/A          4%          2    None

Your spell library contained the following spells:

 Spells                   Type           Power        Failure   Level  Hunger
 Magic Dart               Conj           ####         3%          1    None
 Call Imp                 Summ           ####....     4%          2    None
 Slow                     Hex            ####....     4%          2    None
 Conjure Flame            Conj/Fire      #####...     10%         3    ##.....


Dungeon Overview and Level Annotations

Branches:
Dungeon (10/15)            Temple (0/1) D:6            Lair (1/6) D:8
    Orc (0/2) D:10

Altars:
Elyvilon
Fedhas
Ru
Vehumet
Xom
Yredelemnul
The Shining One
Beogh

Shops:
D:10 :


Innate Abilities, Weirdness & Mutations

Your experience applies equally to all skills.
You have very sharp teeth.
Your uncanny sense of smell can sniff out nearby items.
You have large cloven feet.
You are surrounded by a mild repulsion field. (EV +2)
You are partially covered in iridescent scales. (AC +2)
You are partially covered in slimy green scales. (AC +2)
You are resistant to hostile enchantments. (MR+)
Your natural rate of healing is unusually fast.
You evolve.
You expend magic power (3 MP) to strengthen your wands.


Message History

You feel sick.
Your shadow imp barely misses you.
Are you sure you want to stumble around while confused and next to your shadow imp? [Y]es or [N]o only, please.
Are you sure you want to stumble around while confused and next to your shadow imp?
You're too confused to move!
You feel a strong urge to attack something.
Are you sure you want to stumble around while confused and next to your shadow imp?
You bump into the rock wall.
You are no longer berserk.
You pass out from exhaustion.
You feel yourself slow down.
You feel sick. The komodo dragon bites you.
* * * LOW HITPOINT WARNING * * *
The komodo dragon barely misses you.
You feel less confused.
You feel sick. The komodo dragon bites you!
* * * LOW HITPOINT WARNING * * *
You feel sick. The yak gores you but does no damage.
The komodo dragon bites you!!
You die...
Xom chuckles heartily!

#...# #...# #..## #
##..# ##.###...#
..........#
..........#### #
.#######..##.#.#####
#...l@.......
#..†Y.5......
#..#######.## #..#
#..# #..# .... ....#
##..#


You could see a komodo dragon, a yak (confused) and a friendly shadow imp
(confused).

Vanquished Creatures
  Gastronok (D:8)
  Erica (D:8)
  A black mamba (Lair:1)
  A gargoyle (D:9)
  A spiny frog (Lair:1)
  4 hornets (D:8)
  A wyvern (D:8)
  11 yaks
  A hungry ghost (D:8)
  A soldier ant (D:8)
  A porcupine (Lair:1)
  A water moccasin (Lair:1)
  2 orc warriors
  3 wolves (Lair:1)
  4 phantoms
  3 black bears
  A necrophage (D:9)
  3 ogres
  8 centaurs
  3 bullfrogs
  A gnoll sergeant (D:6)
  2 scorpions (D:8)
  2 howler monkeys (D:8)
  A crimson imp (D:8)
  A bullfrog zombie (D:10)
  2 jellies
  A bullfrog skeleton (D:4)
  A gnoll shaman (D:6)
  2 hounds
  10 orc wizards
  8 orc priests
  2 centaur skeletons (D:8)
  3 worker ants
  A hound zombie (D:8)
  16 gnolls
  13 adders
  3 shadow imps
  3 oozes
  An adder zombie (D:8)
  3 adder skeletons
  2 worms
  4 leopard geckos
  36 orcs
  2 ball pythons
  10 bats
  5 giant cockroaches
  7 goblins
  2 hobgoblins
  6 jackals
  6 kobolds
  4 quokkas
  2 frilled lizards
  A leopard gecko skeleton (D:4)
  A quokka skeleton (D:8)
  9 rats
  A spectral orc (D:7)
226 creatures vanquished.

Vanquished Creatures (collateral kills)
  A hippogriff (Lair:1)
  A crimson imp (D:5)
2 creatures vanquished.

Vanquished Creatures (others)
  4 fungi (D:8)
  4 plants (D:8)
8 creatures vanquished.

Grand Total: 236 creatures vanquished

Notes
Turn   | Place    | Note
-------+----------+-------------------------------------------
     0 | D:1      | MisterFreud the Gnoll Chaos Knight began the quest for the
                  | Orb.
     0 | D:1      | Reached XP level 1. HP: 23/23 MP: 1/1
    41 | D:1      | XOM: divination: detect creatures
    95 | D:1      | XOM: silly message
   181 | D:1      | XOM: harmless Air miscast
   182 | D:1      | Reached XP level 2. HP: 24/29 MP: 2/2
   235 | D:1      | XOM: harmless Necr miscast
   581 | D:2      | Reached XP level 3. HP: 16/35 MP: 3/3
   817 | D:2      | XOM: scenery: create altars
  1005 | D:2      | Reached skill level 1 in Invocations
  1101 | D:2      | XOM: 1-stop teleportation journey
  1134 | D:2      | Reached skill level 1 in Long Blades
  1134 | D:2      | Reached skill level 1 in Axes
  1134 | D:2      | Reached skill level 1 in Maces & Flails
  1134 | D:2      | Reached skill level 1 in Polearms
  1134 | D:2      | Reached skill level 1 in Staves
  1134 | D:2      | Reached skill level 1 in Slings
  1134 | D:2      | Reached skill level 1 in Bows
  1134 | D:2      | Reached skill level 1 in Crossbows
  1134 | D:2      | Reached skill level 1 in Throwing
  1134 | D:2      | Reached skill level 1 in Stealth
  1134 | D:2      | Reached skill level 1 in Shields
  1134 | D:2      | Reached skill level 1 in Unarmed Combat
  1134 | D:2      | Reached skill level 1 in Spellcasting
  1134 | D:2      | Reached skill level 1 in Evocations
  1292 | D:2      | XOM: medium Chrm miscast
  1306 | D:2      | Reached XP level 4. HP: 37/41 MP: 5/5
  1347 | D:2      | XOM: 2-stop teleportation journey
  1634 | D:2      | Found a shimmering altar of Xom.
  1756 | D:2      | XOM: 1-stop teleportation journey
  1764 | D:2      | XOM: harmless Necr miscast
  1772 | D:2      | Reached skill level 1 in Conjurations
  1772 | D:2      | Reached skill level 1 in Hexes
  1772 | D:2      | Reached skill level 1 in Charms
  1772 | D:2      | Reached skill level 1 in Summonings
  1772 | D:2      | Reached skill level 1 in Necromancy
  1772 | D:2      | Reached skill level 1 in Translocations
  1772 | D:2      | Reached skill level 1 in Transmutations
  1772 | D:2      | Reached skill level 1 in Fire Magic
  1772 | D:2      | Reached skill level 1 in Ice Magic
  1772 | D:2      | Reached skill level 1 in Air Magic
  1772 | D:2      | Reached skill level 1 in Earth Magic
  1772 | D:2      | Reached skill level 1 in Poison Magic
  1866 | D:2      | XOM: cloud trail
  2028 | D:2      | Reached XP level 5. HP: 45/47 MP: 6/6
  2809 | D:3      | XOM: mild Conj miscast
  2893 | D:3      | XOM: mild Hex miscast
  2956 | D:4      | Noticed a phantom
  2979 | D:4      | Killed a phantom
  2979 | D:4      | Reached XP level 6. HP: 39/53 MP: 8/8
  3000 | D:4      | XOM: stat loss: -1 Dex (13/14)
  3122 | D:4      | Got a fine whip
  3123 | D:4      | Identified the cursed +0 whip of Greatest Utility {drain,
                  | rF+ rN+} (You found it on level 4 of the Dungeon)
  3192 | D:4      | Reached skill level 5 in Armour
  3285 | D:4      | XOM: smoke on damage
  3465 | D:4      | XOM: silly message
  3624 | D:4      | XOM: harmless Ice miscast
  3853 | D:5      | Entered Level 5 of the Dungeon
  3879 | D:5      | XOM: 10-stop teleportation journey
  3884 | D:5      | Found a radiant altar of Vehumet.
  3884 | D:5      | XOM: 4-stop teleportation journey
  4028 | D:5      | Noticed a phantom
  4038 | D:5      | XOM: give mutations
  4038 | D:5      | Gained mutation: You are partially covered in slimy green
                  | scales. (AC +2) [Xom's grace]
  4038 | D:5      | Gained mutation: You are partially covered in iridescent
                  | scales. (AC +2) [Xom's grace]
  4038 | D:5      | Gained mutation: You are surrounded by a mild repulsion
                  | field. (EV +2) [Xom's grace]
  4038 | D:5      | Gained mutation: You are resistant to hostile enchantments.
                  | (MR+) [Xom's grace]
  4045 | D:5      | XOM: summons friendly white imp
  4052 | D:5      | XOM: summons 2 friendly demons
  4053 | D:5      | XOM: swap monsters
  4062 | D:5      | Killed a phantom
  4062 | D:5      | Reached XP level 7. HP: 43/59 MP: 10/10
  4218 | D:5      | XOM: scenery: create altars
  4366 | D:5      | Found a sacrificial altar of Ru.
  4366 | D:5      | XOM: scenery: 1 doors open
  4458 | D:5      | XOM: give mutations
  4458 | D:5      | Gained mutation: You are highly resistant to hostile
                  | enchantments. (MR++) [Xom's mischief]
  4458 | D:5      | Gained mutation: You are weak. (Str -2) [Xom's mischief]
  4927 | D:6      | XOM: cast spell 'Shadow Creatures'
  5016 | D:6      | Found a staircase to the Ecumenical Temple.
  5023 | D:6      | Reached XP level 8. HP: 54/67 MP: 12/12
  5101 | D:6      | Got a brightly glowing scale mail
  5112 | D:6      | Identified the cursed +1 scale mail "Xamnuon" {rElec Str+5
                  | Int+2 Stlth+} (You found it on level 6 of the Dungeon)
  5130 | D:6      | XOM: enchant monster (good)
  5224 | D:6      | Found a glowing golden altar of the Shining One.
  5231 | D:6      | Found a blossoming altar of Fedhas.
  5231 | D:6      | Found a white marble altar of Elyvilon.
  5324 | D:6      | XOM: confuse monster(s)
  5507 | D:6      | Found the +10 Black Knight's horse barding {ponderous,
                  | rPois rN+}
  5509 | D:6      | XOM: enchant monster (good)
  5583 | D:6      | XOM is BORED!
  5583 | D:6      | XOM: medium Chrm miscast
  5984 | D:7      | XOM: butterfly on damage
  6033 | D:7      | Reached XP level 9. HP: 53/72 MP: 14/14
  6230 | D:7      | XOM: cast spell 'Cause Fear'
  6301 | D:7      | XOM: confuse monster(s)
  6307 | D:7      | Reached skill level 5 in Dodging
  6412 | D:7      | XOM: swap monsters
  6449 | D:7      | XOM: scenery: create altars
  6561 | D:7      | Found a basalt altar of Yredelemnul.
  6664 | D:7      | XOM: give mutations
  6664 | D:7      | Gained mutation: You have large cloven feet. [Xom's grace]
  6664 | D:7      | Gained mutation: You are robust. (+10% HP) [Xom's grace]
  6664 | D:7      | Gained mutation: You evolve. [Xom's grace]
  6664 | D:7      | Gained mutation: You rapidly evolve. [Xom's grace]
  6681 | D:7      | XOM: mild Conj miscast
  6798 | D:8      | Noticed Gastronok
  6799 | D:8      | XOM: summons friendly shadow imp
  6805 | D:8      | XOM: enchant monster (good)
  6836 | D:8      | Killed Gastronok
  6836 | D:8      | Reached skill level 5 in Long Blades
  6836 | D:8      | Reached skill level 5 in Axes
  6836 | D:8      | Reached skill level 5 in Maces & Flails
  6836 | D:8      | Reached skill level 5 in Polearms
  6836 | D:8      | Reached skill level 5 in Staves
  6836 | D:8      | Reached skill level 5 in Slings
  6836 | D:8      | Reached skill level 5 in Bows
  6836 | D:8      | Reached skill level 5 in Crossbows
  6836 | D:8      | Reached skill level 5 in Throwing
  6836 | D:8      | Reached skill level 5 in Stealth
  6836 | D:8      | Reached skill level 5 in Shields
  6836 | D:8      | Reached skill level 5 in Unarmed Combat
  6836 | D:8      | Reached skill level 5 in Spellcasting
  6836 | D:8      | Reached skill level 5 in Invocations
  6836 | D:8      | Reached skill level 5 in Evocations
  6836 | D:8      | Reached XP level 10. HP: 24/90 MP: 15/17
  6885 | D:8      | XOM: harmless Tmut miscast
  7012 | D:8      | XOM: 2-stop teleportation journey
  7012 | D:8      | Noticed Erica
  7017 | D:8      | XOM: silly message
  7020 | D:8      | XOM: silly message
  7022 | D:8      | Killed Erica
  7067 | D:8      | Gained mutation: You expend magic power (3 MP) to
                  | strengthen your wands. [evolution]
  7067 | D:8      | Lost mutation: You rapidly evolve. [decline of evolution]
  7168 | D:8      | XOM: chaos upgrade
  7187 | D:8      | XOM: harmless Summ miscast
  7248 | D:8      | XOM: enchant monster (bad)
  7316 | D:8      | XOM: cleaving
  7439 | D:8      | XOM: cast spell 'Summon Small Mammal'
  7457 | D:8      | XOM: enchant monster (good)
  7463 | D:8      | Paralysed by a hornet for 2 turns
  7541 | D:8      | XOM: god gift: shiny iron ring {god gift}
  7570 | D:8      | XOM: scenery: create altars
  7578 | D:8      | Found a staircase to the Lair.
  7838 | D:8      | Paralysed by a hornet for 1 turns
  7844 | D:8      | Reached XP level 11. HP: 68/95 MP: 19/19
  7983 | D:8      | XOM: medium Chrm miscast
  7991 | D:9      | XOM: swap monsters
  8126 | D:9      | XOM: medium Hex miscast
  8438 | D:9      | XOM: medium Chrm miscast
  8448 | D:9      | XOM: medium Necr miscast
  8652 | D:9      | XOM: give mutations
  8652 | D:9      | Lost mutation: You are highly resistant to hostile
                  | enchantments. (MR++) [Xom's mischief]
  8652 | D:9      | Lost mutation: You are robust. (+10% HP) [Xom's mischief]
  8652 | D:9      | Lost mutation: You are weak. (Str -2) [Xom's mischief]
  8652 | D:9      | Gained mutation: Your natural rate of healing is unusually
                  | fast. [Xom's mischief]
  8840 | D:10     | Entered Level 10 of the Dungeon
  8859 | D:10     | Found Cewal's Book Shoppe.
  8877 | D:10     | Bought a book of Minor Magic for 280 gold pieces
  8881 | D:10     | Learned a level 3 spell: Mephitic Cloud
  8891 | D:10     | Learned a level 2 spell: Blink
  8909 | D:10     | XOM: enchant monster (bad)
  8923 | D:10     | XOM: torment (46/89 hp)
  8945 | D:10     | Reached skill level 5 in Conjurations
  8945 | D:10     | Reached skill level 5 in Hexes
  8945 | D:10     | Reached skill level 5 in Charms
  8945 | D:10     | Reached skill level 5 in Summonings
  8945 | D:10     | Reached skill level 5 in Necromancy
  8945 | D:10     | Reached skill level 5 in Translocations
  8945 | D:10     | Reached skill level 5 in Transmutations
  8945 | D:10     | Reached skill level 5 in Fire Magic
  8945 | D:10     | Reached skill level 5 in Ice Magic
  8945 | D:10     | Reached skill level 5 in Air Magic
  8945 | D:10     | Reached skill level 5 in Earth Magic
  8945 | D:10     | Reached skill level 5 in Poison Magic
  8985 | D:10     | Found a staircase to the Orcish Mines.
  9000 | D:10     | Found a roughly hewn altar of Beogh.
  9151 | D:10     | XOM: draining
  9277 | D:10     | XOM: summons 5 hostile demons
  9419 | Lair:1   | Entered Level 1 of the Lair of Beasts
  9483 | Lair:1   | XOM: mild Pois miscast
  9496 | Lair:1   | XOM: summons friendly iron imp
  9534 | Lair:1   | XOM: harmless Conj miscast
  9691 | Lair:1   | XOM: summons 3 friendly demons
  9713 | Lair:1   | XOM: enchant monster (bad)
  9721 | Lair:1   | XOM: confusion (+ monsters)
  9731 | Lair:1   | Slain by a komodo dragon

Levels and vault maps discovered:
D:1:      scummos_arrival_forest, layout_loops_ring,
          chequers_serial_rivers_micro_c
D:2:      layout_basic, tgw_xom
D:3:      layout_loops_cross, serial_park_tiny_pond
D:4:      layout_loops_ring, first_ration
D:5:      layout_layer_cave, nicolae_ru_great_annihilating_truth,
          nicolae_overflow_hidden_temple
D:6:      layout_loops_ring, minitemple, minmay_temple_entry_overgrown,
          portal_sewer_entry_e, nicolae_benzene_ring, kennysheep_generic_room_14
D:7:      layout_basic, yredelemnul_forgotten_temple_becter
D:8:      layout_loops_ring, grunt_lair_entry_orc_guard_hut,
          hangedman_pestilent_swarm, uniq_gastronok, uniq_erica
D:9:      layout_basic
D:10:     layout_rooms, minmay_orc_entry_temple_small, serial_shops, shop
Lair:1:   layout_small_grid, grunt_megastairs_5

Skill      XL: |  1  2  3  4  5  6  7  8  9 10 11 |
---------------+----------------------------------+-----
Invocations    | 1 2 3 4 5 6 |  6.9
Long Blades    | 1 2 3 5 6 |  6.2
Axes           | 1 2 3 5 6 |  6.2
Maces & Flails | 1 2 3 5 6 |  6.2
Polearms       | 1 2 3 5 6 |  6.2
Staves         | 1 2 3 5 6 |  6.2
Slings         | 1 2 3 5 6 |  6.2
Bows           | 1 2 3 5 6 |  6.2
Crossbows      | 1 2 3 5 6 |  6.2
Throwing       | 1 2 3 5 6 |  6.2
Stealth        | 1 2 3 5 6 |  6.2
Shields        | 1 2 3 5 6 |  6.2
Unarmed Combat | 1 2 3 5 6 |  6.2
Spellcasting   | 1 2 3 5 6 |  6.2
Evocations     | 1 2 3 5 6 |  6.2
Conjurations   | 1 2 3 4 5 |  5.2
Hexes          | 1 2 3 4 5 |  5.2
Charms         | 1 2 3 4 5 |  5.2
Summonings     | 1 2 3 4 5 |  5.2
Necromancy     | 1 2 3 4 5 |  5.2
Translocations | 1 2 3 4 5 |  5.2
Transmutations | 1 2 3 4 5 |  5.2
Fire Magic     | 1 2 3 4 5 |  5.2
Ice Magic      | 1 2 3 4 5 |  5.2
Air Magic      | 1 2 3 4 5 |  5.2
Earth Magic    | 1 2 3 4 5 |  5.2
Poison Magic   | 1 2 3 4 5 |  5.2
Dodging        | 3 4 5 6 |  6.8
Armour         | 5 6 7 |  7.8
Fighting       | 7 8 9 |  9.1
Short Blades   | 7 8 9 |  9.1

Action                   |  1- 3 |  4- 6 |  7- 9 | 10-12 || total
-------------------------+-------+-------+-------+-------++-------
Melee: Short sword       |    91 |       |       |       ||    91
       Bite              |    10 |    18 |    32 |    37 ||    97
       Dagger            |       |   156 |   286 |   364 ||   806
       Punch             |       |     1 |    10 |    12 ||    23
       Kick              |       |       |    11 |       ||    11
 Cast: Mephitic Cloud    |       |       |       |     3 ||     3
Evoke: Wand              |       |       |       |     3 ||     3
  Use: Scroll            |       |     6 |     3 |     8 ||    17
       Potion            |       |       |     2 |     2 ||     4
 Stab: Confused          |     1 |       |       |     3 ||     4
       Sleeping          |     1 |     6 |     7 |    10 ||    24
       Petrifying        |     1 |       |       |     1 ||     2
       Distracted        |       |     1 |       |     2 ||     3
       Paralysed         |       |       |     1 |       ||     1
       Petrified         |       |       |     2 |       ||     2
  Eat: Chunk             |     1 |     9 |     9 |    11 ||    30
Armor: Leather armour    |    34 |    28 |     9 |       ||    71
       Scale mail        |       |       |    54 |    96 ||   150
Dodge: Dodged            |    61 |    65 |   140 |   192 ||   458

Table legend:
 A = Non-vault XP
 B = Vault XP
 C = Vault XP percentage of total XP
 D = Non-vault monster count
 E = Vault monster count
 F = Vault count percentage of total count
                 A         B        C        D         E       F
            +---------+---------+-------+---------+---------+-------
      Total |    9163 |    4948 |  35.1 |     193 |      35 |  15.4
            +---------+---------+-------+---------+---------+-------
        D:1 |      17 |       0 |   0.0 |      12 |       0 |   0.0
        D:2 |     129 |      23 |  15.1 |      27 |       6 |  18.2
        D:3 |      55 |       0 |   0.0 |      14 |       0 |   0.0
        D:4 |     389 |       0 |   0.0 |      10 |       0 |   0.0
        D:5 |     217 |      46 |  17.5 |      10 |       4 |  28.6
        D:6 |    1015 |       3 |   0.3 |      24 |       1 |   4.0
        D:7 |    1642 |       1 |   0.1 |      34 |       1 |   2.9
        D:8 |    1649 |    4569 |  73.5 |      30 |      10 |  25.0
        D:9 |    1165 |       0 |   0.0 |      12 |       0 |   0.0
       D:10 |     934 |     151 |  13.9 |      10 |      12 |  54.5
     Lair:1 |    1951 |     155 |   7.4 |      10 |       1 |   9.1
            +---------+---------+-------+---------+---------+-------
